[Event "Titled Tuesday Blitz June 6 Late 2023"]
[White "Yanchenko, Roman"]
[Black "Haszon, David"]
[WhiteFideId "4137329"]
[BlackFideId "733610"]
[WhiteElo "2491"]
[BlackElo "2210"]
[Result "1-0"]
[Round "3"]
[TimeControl "180+2"]
[Date "2023.06.07"]
[WhiteClock "0:01:47"]
[BlackClock "0:00:40"]
[Board "69"]

1. d4 Nf6 2. Nf3 e6 3. c4 d5 4. Nc3 Be7 5. Bg5 O-O 6. e3 c6 7. Qc2 Nbd7 8. Rd1 a6 9. a3 dxc4 10. Bxc4 b5 11. Ba2 Bb7 12. Bb1 Rc8 13. Ne5 g6 14. h4 c5 15. dxc5 Rxc5 16. Bxf6 Bxf6 17. Nxd7 Rc4 18. Ne5 Bxe5 19. Rxd8 Rxd8 20. Ba2 Rg4 21. f3 Bg3+ 22. Ke2 Rxh4 23. Rxh4 Bxh4 24. Ne4 Bxe4 25. Qxe4 Bf6 26. b4 Bc3 27. Qc2 Bf6 28. f4 Be7 29. g4 Rd6 30. Qc7 Kf8 31. g5 Rd8 32. Qc6 Rd6 33. Qc8+ Rd8 34. Qxa6 Kg7 35. Qxb5 h6 36. Qb7 1-0


[Site "https://www.chess.com"]

[Event "Titled Tuesday Blitz June 6 Late 2023"]
[White "Della Morte, German"]
[Black "Horvath, Dominik"]
[WhiteFideId "113522"]
[BlackFideId "1642561"]
[WhiteElo "2306"]
[BlackElo "2407"]
[Result "0-1"]
[Round "3"]
[TimeControl "180+2"]
[Date "2023.06.07"]
[WhiteClock "0:02:15"]
[BlackClock "0:01:41"]
[Board "70"]

1. e4 c6 2. d4 d5 3. exd5 cxd5 4. c3 Nf6 5. Nf3 Qc7 6. Bd3 g6 7. O-O Bf5 8. Bg5 Bxd3 9. Qxd3 Ne4 10. Bh4 Nc6 11. Bg3 Nxg3 12. hxg3 e6 13. Nbd2 h5 14. Rfe1 O-O-O 15. Ng5 Bh6 16. Ndf3 Qe7 17. Nxe6 fxe6 18. Qxg6 Rde8 19. Re2 Nd8 20. Ne5 Reg8 21. Qd3 h4 22. Ng6 Qh7 23. Rxe6 Nxe6 0-1


[Site "https://www.chess.com"]

[Event "Titled Tuesday Blitz June 6 Late 2023"]
[White "Daggupati, Balaji"]
[Black "Aggelis, Nikolaos"]
[WhiteFideId "2090759"]
[BlackFideId "4213220"]
[WhiteElo "2715"]
[BlackElo "2189"]
[Result "1-0"]
[Round "3"]
[TimeControl "180+2"]
[Date "2023.06.07"]
[WhiteClock "0:00:59"]
[BlackClock "0:00:34"]
[Board "71"]

1. e4 c6 2. d4 d5 3. Nc3 dxe4 4. Nxe4 Nf6 5. Nxf6+ exf6 6. c3 Bd6 7. Bd3 Qc7 8. Qc2 h5 9. Nf3 O-O 10. Be3 Re8 11. O-O-O Nd7 12. h3 Bf4 13. g4 Bxe3+ 14. fxe3 Rxe3 15. Nh4 Nf8 16. gxh5 Qg3 17. Ng2 Re8 18. Rdg1 Be6 19. Ne1 Qe3+ 20. Kb1 Bd5 21. Ng2 Qg3 22. c4 Qxd3 23. Qxd3 Be4 24. Kc2 Bxd3+ 25. Kxd3 Rad8 26. Nf4 Ne6 27. Nxe6 Rxe6 28. Rg4 Rde8 29. Rhg1 Re2 30. Rxg7+ Kh8 31. R1g3 Rxb2 32. Rxf7 Rxa2 33. Rgg7 Ra3+ 34. Kd2 Ra2+ 35. Kc3 Ra3+ 36. Kb4 Rxh3 37. Rh7+ Kg8 38. Rfg7+ Kf8 39. Rxb7 a6 40. Rh8# 1-0


[Site "https://www.chess.com"]

[Event "Titled Tuesday Blitz June 6 Late 2023"]
[White "Jimenez Almeida, Luis David"]
[Black "Do Valle Cardoso, Lucas"]
[WhiteFideId "22242244"]
[BlackFideId "2163144"]
[WhiteElo "2245"]
[BlackElo "2364"]
[Result "1-0"]
[Round "3"]
[TimeControl "180+2"]
[Date "2023.06.07"]
[WhiteClock "0:00:08"]
[BlackClock "0:00:02"]
[Board "72"]

1. e4 c5 2. Nc3 d6 3. g3 g6 4. Bg2 Bg7 5. Nge2 Nc6 6. O-O e6 7. h3 Nge7 8. d3 O-O 9. Be3 Rb8 10. a4 a6 11. Qd2 b5 12. axb5 axb5 13. Bh6 b4 14. Nd1 Bb7 15. Bxg7 Kxg7 16. Ne3 Qc7 17. Ng4 Ng8 18. d4 cxd4 19. Nxd4 Nxd4 20. Qxd4+ e5 21. Qd2 h5 22. Ne3 Nf6 23. Qd3 Rfd8 24. Rfd1 Qc5 25. Rd2 h4 26. g4 Nh7 27. Nc4 Ng5 28. Nxd6 Nxe4 29. Bxe4 Bxe4 30. Qxe4 Rxd6 31. Rad1 Rbd8 32. Rxd6 Rxd6 33. Rd3 Rf6 34. Re3 Rc6 35. Re2 Re6 36. Kf1 Qb5 37. Kg2 Qc5 38. Qe3 Qd5+ 39. Qe4 Qc5 40. Kh2 Qb5 41. g5 Qc5 42. Qxh4 e4 43. Rd2 e3 44. Qh6+ 1-0


[Site "https://www.chess.com"]

[Event "Titled Tuesday Blitz June 6 Late 2023"]
[White "Pulpan, Jakub"]
[Black "Krishnakumar, Sriram"]
[WhiteFideId "302759"]
[BlackFideId "30915856"]
[WhiteElo "2484"]
[BlackElo "2500"]
[Result "1-0"]
[Round "3"]
[TimeControl "180+2"]
[Date "2023.06.07"]
[WhiteClock "0:02:06"]
[BlackClock "0:01:04"]
[Board "73"]

1. b3 g6 2. Bb2 Nf6 3. g3 Bg7 4. Bg2 O-O 5. Nf3 d5 6. c4 c6 7. O-O Bf5 8. Nh4 Bg4 9. h3 Bc8 10. Nf3 Re8 11. d4 Nbd7 12. Nbd2 e6 13. Re1 b6 14. e4 dxe4 15. Ng5 Bb7 16. Ngxe4 Nxe4 17. Nxe4 Nf6 18. Qe2 Qc7 19. Rad1 Rad8 20. Bc1 Nxe4 21. Qxe4 Ba8 22. Bf4 Qe7 23. Qe3 c5 24. d5 Bd4 25. Rxd4 cxd4 26. Qxd4 Qc5 27. Qf6 Qd6 28. Bxd6 1-0


[Site "https://www.chess.com"]

[Event "Titled Tuesday Blitz June 6 Late 2023"]
[White "Swicarz, Maciej"]
[Black "Gokerkan, Cem Kaan"]
[WhiteFideId "1113585"]
[BlackFideId "6336760"]
[WhiteElo "2181"]
[BlackElo "2365"]
[Result "0-1"]
[Round "3"]
[TimeControl "180+2"]
[Date "2023.06.07"]
[WhiteClock "0:00:25"]
[BlackClock "0:00:31"]
[Board "74"]

1. c4 g6 2. g3 Bg7 3. Bg2 Nf6 4. Nc3 O-O 5. d3 e5 6. e3 Nc6 7. Nge2 d6 8. Rb1 a5 9. a3 Be6 10. Nd5 Qd7 11. h4 Bxd5 12. cxd5 Ne7 13. e4 c6 14. dxc6 bxc6 15. Bh3 Qb7 16. O-O d5 17. exd5 cxd5 18. d4 e4 19. Nf4 Rfd8 20. b4 axb4 21. axb4 Ne8 22. h5 Nd6 23. hxg6 hxg6 24. Be3 Nb5 25. Qd2 Nc6 26. Ne2 Na3 27. Rb3 Nc4 28. Qc1 Nxb4 29. Qc3 Bf8 30. Rfb1 Ra4 31. Qe1 Qe7 32. Nc3 Nd3 33. Qe2 Ra7 34. Qg4 Qf6 35. Rb7 Rxb7 36. Rxb7 Nxe3 37. fxe3 Qf2+ 38. Kh1 Qe1+ 39. Kh2 Nf2 0-1


[Site "https://www.chess.com"]

[Event "Titled Tuesday Blitz June 6 Late 2023"]
[White "Baches Garcia, Guillermo"]
[Black "Rosen, Eric"]
[WhiteFideId "2209764"]
[BlackFideId "2032562"]
[WhiteElo "2494"]
[BlackElo "2331"]
[Result "0-1"]
[Round "3"]
[TimeControl "180+2"]
[Date "2023.06.07"]
[WhiteClock "0:00:09"]
[BlackClock "0:00:05"]
[Board "75"]

1. e4 c5 2. Nf3 Nc6 3. d4 cxd4 4. Nxd4 g6 5. Nc3 Bg7 6. Be3 Nf6 7. Bc4 O-O 8. Bb3 Re8 9. h3 d6 10. O-O Na5 11. f4 b6 12. e5 dxe5 13. fxe5 Nxb3 14. axb3 Nd5 15. Nxd5 Qxd5 16. c4 Qe4 17. Qf3 Qxf3 18. Nxf3 Bb7 19. Bd4 Red8 20. Bc3 h6 21. e6 fxe6 22. Bxg7 Kxg7 23. Ne5 Rd2 24. Rf7+ Kg8 25. Rxe7 Rxg2+ 26. Kf1 Rf8+ 27. Ke1 Rg1+ 28. Kd2 Rxa1 29. Rxb7 Rg1 30. Nd7 Rd8 31. Kc3 Rf1 32. b4 Rf3+ 33. Kd4 Rf7 34. c5 Rfxd7+ 35. Rxd7 Rxd7+ 36. Ke5 bxc5 37. bxc5 Rd5+ 0-1


[Site "https://www.chess.com"]

[Event "Titled Tuesday Blitz June 6 Late 2023"]
[White "Ismayil, Malak"]
[Black "Veiga, Jose Francisco R P Neves"]
[WhiteFideId "13412604"]
[BlackFideId "1930087"]
[WhiteElo "1868"]
[BlackElo "2319"]
[Result "0-1"]
[Round "3"]
[TimeControl "180+2"]
[Date "2023.06.07"]
[WhiteClock "0:00:03"]
[BlackClock "0:00:06"]
[Board "76"]

1. e4 e5 2. Nf3 Nc6 3. Bc4 Bc5 4. d3 Nf6 5. Nc3 d6 6. h3 a6 7. Be3 Ba7 8. O-O Be6 9. Bb3 Qd7 10. Kh2 h6 11. d4 exd4 12. Nxd4 Nxd4 13. Bxd4 Bxd4 14. Qxd4 O-O 15. f4 Rfe8 16. Rae1 Rad8 17. Qd3 b5 18. f5 Bxb3 19. axb3 Qe7 20. Nd5 Qe5+ 21. Kh1 Nxe4 22. Nxc7 Ng3+ 23. Qxg3 Qxg3 24. Nxe8 d5 25. f6 g6 26. Ng7 Qh4 27. Re7 Rd6 28. Ne8 Rc6 29. c3 d4 30. Rd7 dxc3 31. bxc3 Rxc3 32. Rd8 Kh7 33. Nd6 Rc7 34. Rf8 Qb4 35. Rxf7+ Rxf7 36. Nxf7 Kg8 37. Ne5 Qd6 38. f7+ Kf8 39. Nxg6+ Qxg6 40. Rf3 Qe6 41. Kh2 a5 42. g4 a4 43. bxa4 bxa4 44. Kg3 Qd6+ 45. Kh4 a3 46. Rf2 a2 47. Rxa2 Qf6+ 48. Kg3 Qe5+ 49. Kh4 Kxf7 50. Rf2+ Kg6 51. Rf5 Qe1+ 0-1


[Site "https://www.chess.com"]

[Event "Titled Tuesday Blitz June 6 Late 2023"]
[White "Ehlvest, Jaan"]
[Black "Pasti, Aron"]
[WhiteFideId "4500016"]
[BlackFideId "785857"]
[WhiteElo "2442"]
[BlackElo "2173"]
[Result "1-0"]
[Round "3"]
[TimeControl "180+2"]
[Date "2023.06.07"]
[WhiteClock "0:01:03"]
[BlackClock "0:00:06"]
[Board "77"]

1. e4 c5 2. Nf3 e6 3. g3 Nc6 4. Bg2 Qc7 5. O-O a6 6. c3 Nf6 7. Re1 d5 8. exd5 Nxd5 9. d4 cxd4 10. Nxd4 Nxd4 11. Qxd4 Nf6 12. Bf4 Qc5 13. Be5 Qxd4 14. Bxd4 Bd6 15. Nd2 Bc7 16. Nc4 Rb8 17. Ba7 Ra8 18. Bb6 Bb8 19. Rad1 Nd7 20. Ba5 O-O 21. Nd6 Bxd6 22. Rxd6 Nf6 23. c4 Bd7 24. Red1 Bc6 25. Bxc6 bxc6 26. Rxc6 Rfc8 27. Rxc8+ Rxc8 28. b3 Ne4 29. f3 Nc5 30. Rd6 Kf8 31. Bb4 1-0


[Site "https://www.chess.com"]

[Event "Titled Tuesday Blitz June 6 Late 2023"]
[White "Eggink, Ryszard"]
[Black "Belov, Alexei"]
[WhiteFideId "1125869"]
[BlackFideId "4128206"]
[WhiteElo "2283"]
[BlackElo "2649"]
[Result "1-0"]
[Round "3"]
[TimeControl "180+2"]
[Date "2023.06.07"]
[WhiteClock "0:00:19"]
[BlackClock "0:01:24"]
[Board "78"]

1. d4 e6 2. c4 d5 3. Nf3 Nf6 4. g3 Be7 5. Bg2 O-O 6. O-O dxc4 7. Ne5 Nc6 8. Nxc6 bxc6 9. Bxc6 Rb8 10. Na3 Bxa3 11. bxa3 Bb7 12. Qa4 Qxd4 13. Be3 Qg4 14. Bxa7 Bxc6 15. Qxc6 Ra8 16. Bc5 Rfe8 17. f3 Qg5 18. Rac1 Nd5 19. Rxc4 Ne3 20. f4 Qd5 21. Bxe3 Qh5 22. Qf3 Qb5 23. Rb4 Qf5 24. Qe4 Qh5 25. Bc1 c5 26. Rc4 f5 27. Qf3 Qf7 28. Rxc5 Qe7 29. Rc3 Red8 30. Kg2 g6 31. Re3 Ra4 32. Bb2 Rb8 33. Rb3 Rd8 34. Rb7 Qc5 35. Rg7+ Kf8 36. Rxh7 Qa5 37. Rh8+ Ke7 38. Rxd8 Qxd8 39. Qb7+ Qd7 40. Qxd7+ Kxd7 41. Rd1+ Kc6 42. Rd4 Ra8 43. Rb4 Rb8 44. Rxb8 1-0


[Site "https://www.chess.com"]

[Event "Titled Tuesday Blitz June 6 Late 2023"]
[White "ArchibaldCerveza29"]
[Black "Amburgy, Ryan"]
[BlackFideId "30924820"]
[WhiteElo "2486"]
[BlackElo "2134"]
[Result "0-1"]
[Round "3"]
[TimeControl "180+2"]
[Date "2023.06.07"]
[WhiteClock "0:00:09"]
[BlackClock "0:00:33"]
[Board "79"]

1. e4 e5 2. Nf3 Nc6 3. Bc4 Bc5 4. O-O d6 5. c3 Nf6 6. Re1 O-O 7. h3 h6 8. d3 a6 9. a4 Re8 10. b4 Ba7 11. Bb3 Be6 12. Nbd2 d5 13. Qe2 d4 14. Bxe6 Rxe6 15. cxd4 Nxd4 16. Nxd4 Bxd4 17. Ra2 Rc6 18. Nf3 Bc3 19. Bd2 Qd6 20. Bxc3 Rxc3 21. d4 Nd7 22. dxe5 Nxe5 23. Nxe5 Qxe5 24. Rd2 Re8 25. Rd7 Rc6 26. Qa2 Rf6 27. Qc4 Qb2 28. Qd4 Qxd4 29. Rxd4 Rfe6 30. Re3 R8e7 31. Rd8+ Kh7 32. Rd4 Rc6 33. Kf1 f6 34. Ke2 Rc2+ 35. Kf3 b5 36. axb5 axb5 37. Ra3 c6 38. Rad3 Kg6 39. Kg3 c5 40. bxc5 Rxc5 41. f3 Rc4 42. Rd5 Rb7 43. Rb3 b4 44. Kf4 h5 45. g4 h4 46. Ra5 Rc2 47. Ra4 Rc4 48. Ke3 Kg5 49. f4+ Kg6 50. Kf3 Rc3+ 51. Rxc3 bxc3 52. Rc4 Rb3 53. Ke2 Rb2+ 54. Kd3 Rh2 55. Kxc3 Rxh3+ 56. Kd4 Rg3 57. f5+ Kh6 58. Rc3 Rxc3 59. Kxc3 h3 60. e5 fxe5 61. Kd3 h2 62. Ke4 h1=R 63. Kxe5 Kg5 64. f6 gxf6+ 65. Ke6 Rg1 66. Kf7 Rxg4 0-1


[Site "https://www.chess.com"]

[Event "Titled Tuesday Blitz June 6 Late 2023"]
[White "Hristodoulou, Panagiotis"]
[Black "Ibadov, Dashgyn"]
[WhiteFideId "4214340"]
[BlackFideId "24107514"]
[WhiteElo "2272"]
[BlackElo "2208"]
[Result "1-0"]
[Round "3"]
[TimeControl "180+2"]
[Date "2023.06.07"]
[WhiteClock "0:00:11"]
[BlackClock "0:00:05"]
[Board "80"]

1. e4 e5 2. Nf3 Nc6 3. Bc4 Bc5 4. d3 Nf6 5. O-O d6 6. c3 a6 7. a4 Ba7 8. Re1 O-O 9. h3 Kh8 10. Be3 Bxe3 11. Rxe3 Ng8 12. d4 exd4 13. cxd4 f5 14. Bxg8 Kxg8 15. Nc3 fxe4 16. Nxe4 Be6 17. d5 Bf5 18. dxc6 bxc6 19. Nd4 Bd7 20. Qb3+ d5 21. Nc5 Rb8 22. Qc2 Rf6 23. Rae1 Rb4 24. Nxd7 Qxd7 25. Re8+ Rf8 26. Rxf8+ Kxf8 27. Ne6+ Kg8 28. Qf5 Rb8 29. b4 Qf7 30. Qxf7+ Kxf7 31. Nxc7 Rxb4 32. Nxa6 Rxa4 33. Nb8 c5 34. Nd7 c4 35. Ne5+ Kf6 36. Nc6 c3 37. Rd1 c2 38. Rc1 Rc4 39. Na5 Rc3 40. Kf1 Ke5 41. Ke2 Rc5 42. Nb3 Rc3 43. Nd2 Kd4 44. Nf3+ Kc4 45. Ne1 Kb3 46. Kd2 Rc6 47. Rxc2 Rf6 48. Nd3 d4 49. Rc7 Rg6 50. g3 h5 51. h4 Ka4 52. Rc5 Rh6 53. Rg5 g6 54. Nf4 Rh7 55. Kd3 Rb7 56. Rxg6 Rb2 57. Kxd4 Rxf2 58. Ke5 Kb5 59. Kf5 Kc5 60. Kg5 Kd4 61. Kxh5 Ke4 62. Kg4 Ra2 63. Re6+ Kd4 64. h5 Ra8 65. h6 1-0


[Site "https://www.chess.com"]

[Event "Titled Tuesday Blitz June 6 Late 2023"]
[White "Popilski, Gil"]
[Black "Estrada Nieto, Julian"]
[WhiteFideId "2809060"]
[BlackFideId "5101018"]
[WhiteElo "2537"]
[BlackElo "2161"]
[Result "1-0"]
[Round "3"]
[TimeControl "180+2"]
[Date "2023.06.07"]
[WhiteClock "0:00:41"]
[BlackClock "0:00:06"]
[Board "81"]

1. d4 d5 2. c4 dxc4 3. Nc3 a6 4. e4 b5 5. a4 Bb7 6. axb5 axb5 7. Rxa8 Bxa8 8. Nxb5 Bxe4 9. Qa4 c6 10. Nc3 Bd3 11. Bxd3 cxd3 12. Nf3 e6 13. O-O Nf6 14. Bg5 Be7 15. Rd1 O-O 16. Ne5 Nd5 17. Bxe7 Qxe7 18. Rxd3 Qb7 19. Nc4 Nd7 20. Ne4 Ra8 21. Qd1 Qb4 22. Ned6 h6 23. g3 N7f6 24. Rb3 Qa4 25. Rb8+ Kh7 26. Qxa4 Rxa4 27. Ne5 Ra1+ 28. Kg2 Ne4 29. Nxe4 Re1 30. Nd6 Re2 31. Ndxf7 Rd2 32. Rh8# 1-0


[Site "https://www.chess.com"]

[Event "Titled Tuesday Blitz June 6 Late 2023"]
[White "Injac, Teodora"]
[Black "Karas, Marek"]
[WhiteFideId "932400"]
[BlackFideId "14928558"]
[WhiteElo "2269"]
[BlackElo "2229"]
[Result "1/2-1/2"]
[Round "3"]
[TimeControl "180+2"]
[Date "2023.06.07"]
[WhiteClock "0:00:09"]
[BlackClock "0:00:05"]
[Board "82"]

1. Nf3 Nf6 2. d4 d5 3. c4 e6 4. e3 Nbd7 5. Nc3 c6 6. b3 Bb4 7. Bd2 O-O 8. Bd3 Qa5 9. Qc2 dxc4 10. bxc4 e5 11. O-O exd4 12. exd4 Qh5 13. Rfe1 Bd6 14. h3 Re8 15. Ng5 Rxe1+ 16. Rxe1 Nf8 17. c5 Bc7 18. Bc4 Be6 19. Nxe6 Nxe6 20. Bxe6 fxe6 21. Rxe6 Re8 22. Rxe8+ Qxe8 23. Qb3+ Qf7 24. Kf1 Qxb3 25. axb3 Kf7 26. Ke2 Ke6 27. Kd3 Nd5 28. Nxd5 Kxd5 29. g4 b5 30. cxb6 axb6 31. Bb4 Bf4 32. Bf8 g6 33. Bg7 b5 34. Ke2 Ke4 35. h4 Bd6 36. f3+ Kd5 37. Ke3 Ba3 38. f4 Bc1+ 39. Kf3 Bb2 40. f5 gxf5 41. gxf5 c5 42. Ke2 cxd4 43. Kd3 Bc3 44. h5 b4 45. Bh6 Bb2 46. Bf4 Bc3 47. Bg5 Bb2 48. Be7 Bc3 49. Bf8 Be1 50. h6 Bc3 51. Bg7 Be1 52. Bxd4 Kd6 53. Be3 Kd5 54. Bd4 Kd6 55. Ke4 Kd7 56. Be5 Ke7 57. Kd5 Kf7 58. Kc4 Bd2 59. Bg7 Ke7 60. Bd4 Kf7 61. Bc5 Bxh6 62. Kxb4 Kf6 63. Bd4+ Kxf5 64. Kc5 Bf4 65. b4 h5 66. b5 h4 67. Bg1 h3 68. Kc6 h2 69. Bxh2 Bxh2 70. b6 Ke6 71. b7 Bb8 72. Kb6 Kd7 73. Kc5 Kc7 74. Kd5 Kxb7 1/2-1/2


[Site "https://www.chess.com"]

[Event "Titled Tuesday Blitz June 6 Late 2023"]
[White "Papayan, Oleg"]
[Black "MaryanKyrychenko"]
[WhiteFideId "4193911"]
[WhiteElo "2167"]
[BlackElo "2630"]
[Result "1/2-1/2"]
[Round "3"]
[TimeControl "180+2"]
[Date "2023.06.07"]
[WhiteClock "0:00:22"]
[BlackClock "0:01:07"]
[Board "83"]

1. e4 c5 2. d4 cxd4 3. Qxd4 Nc6 4. Qd3 g6 5. Nc3 Bg7 6. Nf3 d6 7. Be2 Nf6 8. O-O O-O 9. Nd5 Be6 10. c3 Rc8 11. Bg5 Qa5 12. Nxf6+ exf6 13. Bf4 Rfd8 14. Rfd1 d5 15. h3 Qa4 16. b4 dxe4 17. Qxe4 f5 18. Qe3 Rxd1+ 19. Bxd1 Qa3 20. Ng5 Qxc3 21. Rc1 Qxe3 22. Bxe3 Nxb4 23. Rxc8+ Bxc8 24. Bb3 Be6 25. Nxe6 fxe6 26. Bxe6+ Kh8 27. Bxa7 h6 28. Bc8 Nxa2 29. Bxb7 Nc3 30. Bf3 Kh7 31. Be3 g5 32. g4 f4 33. Bd2 Kg6 34. Bxc3 Bxc3 35. Be4+ Kf6 36. f3 Ke5 37. Kg2 Kd4 38. Bg6 Ke3 39. Bh5 Be1 40. Bg6 Bg3 41. Bh5 Bf2 42. Bg6 Bg3 43. Bh5 Be1 44. Bg6 Bc3 45. Bh5 Ke2 46. Bg6 Ke1 47. Bh5 Be5 48. Bg6 Bd4 49. Bh5 Be3 50. Bg6 Bd2 51. Bh5 Be3 52. Bg6 Bd2 53. Bh5 Be3 1/2-1/2


[Site "https://www.chess.com"]

[Event "Titled Tuesday Blitz June 6 Late 2023"]
[White "The_Sherman_Variation"]
[Black "Goryachkina, Aleksandra"]
[BlackFideId "4147103"]
[WhiteElo "2475"]
[BlackElo "2471"]
[Result "1/2-1/2"]
[Round "3"]
[TimeControl "180+2"]
[Date "2023.06.07"]
[WhiteClock "0:00:21"]
[BlackClock "0:00:12"]
[Board "84"]

1. g3 c5 2. Bg2 Nc6 3. c4 g6 4. Nc3 Bg7 5. Nf3 Nf6 6. O-O O-O 7. a3 d6 8. Rb1 Bf5 9. d3 a5 10. Bd2 Qd7 11. Nd5 Nxd5 12. cxd5 Nd4 13. Nxd4 Bxd4 14. e4 Bh3 15. Bc3 Bxg2 16. Kxg2 Rfc8 17. Qd2 Qb5 18. f4 Qb3 19. f5 b5 20. Rbc1 b4 21. Bxd4 cxd4 22. fxg6 hxg6 23. Qf2 f6 24. Qxd4 bxa3 25. bxa3 Qxa3 26. Rc4 Rxc4 27. Qxc4 Rb8 28. Qc7 Rb2+ 29. Rf2 Rxf2+ 30. Kxf2 Kf7 31. Qc8 Qb2+ 32. Kf3 Qb3 33. Qe6+ Kf8 34. Qc8+ Kg7 35. Ke3 Qb6+ 36. Ke2 a4 37. Qd7 Qb2+ 38. Kf3 a3 39. Qxe7+ Kg8 40. Qe8+ Kg7 41. Qe7+ Kg8 42. Qe8+ Kg7 43. Qe7+ 1/2-1/2


[Site "https://www.chess.com"]

[Event "Titled Tuesday Blitz June 6 Late 2023"]
[White "Rios Escobar, Adan"]
[Black "Gomez Ledo, Roberto Carlos"]
[WhiteFideId "3403645"]
[BlackFideId "3507076"]
[WhiteElo "2473"]
[BlackElo "2378"]
[Result "1-0"]
[Round "3"]
[TimeControl "180+2"]
[Date "2023.06.07"]
[WhiteClock "0:00:03"]
[BlackClock "0:00:03"]
[Board "85"]

1. d4 Nf6 2. g3 d5 3. Nf3 e6 4. Bg2 Be7 5. O-O b5 6. c4 bxc4 7. b3 cxb3 8. axb3 O-O 9. Nc3 Nbd7 10. Bf4 Bd6 11. Qd2 Bxf4 12. gxf4 c5 13. Rfc1 Bb7 14. Ne5 cxd4 15. Qxd4 Qb6 16. Qd2 Rfc8 17. Nxd7 Nxd7 18. e4 Nf6 19. exd5 Rd8 20. Na4 Qd6 21. Rd1 Bxd5 22. Nc3 Qc6 23. Nxd5 Nxd5 24. Ra5 Rab8 25. f5 Qb6 26. fxe6 fxe6 27. Bxd5 exd5 28. Rxd5 Rf8 29. Rd7 Qg6+ 30. Kh1 a6 31. Qd5+ Kh8 32. Rg1 Qh6 33. Rgxg7 Qxg7 34. Rxg7 Kxg7 35. Qe5+ Kg8 36. Qe6+ Kg7 37. Qxa6 Rxb3 38. Qa7+ Rf7 39. Qd4+ Kg8 40. Qd8+ Kg7 41. Qg5+ Kf8 42. Qc5+ Kg8 43. Qc8+ Kg7 44. Qg4+ Kf8 45. Qc8+ Kg7 46. Qg4+ Kf8 47. f4 Rbb7 48. Qc8+ Kg7 49. Qc3+ Kg8 50. h4 Rg7 51. Qc8+ Kf7 52. Qxb7+ 1-0


[Site "https://www.chess.com"]

[Event "Titled Tuesday Blitz June 6 Late 2023"]
[White "Schnaider, Ilan"]
[Black "Seletsky, Grigory"]
[WhiteFideId "169013"]
[BlackFideId "14112191"]
[WhiteElo "2224"]
[BlackElo "2491"]
[Result "0-1"]
[Round "3"]
[TimeControl "180+2"]
[Date "2023.06.07"]
[WhiteClock "0:00:01"]
[BlackClock "0:00:30"]
[Board "86"]

1. e4 e6 2. d4 d5 3. Nd2 Nc6 4. Ngf3 Nf6 5. e5 Nd7 6. Bd3 Nb4 7. Be2 c5 8. O-O cxd4 9. Nb3 Nc6 10. Bf4 Qb6 11. Nbxd4 Nxd4 12. Nxd4 a6 13. Bg4 Nc5 14. Nb3 Nxb3 15. axb3 Bd7 16. Qf3 Be7 17. Qg3 h5 18. Be2 g6 19. Bd3 O-O-O 20. h4 Kb8 21. Bg5 Bxg5 22. Qxg5 Bb5 23. Rfd1 Bxd3 24. Rxd3 Rc8 25. Rc1 Rc7 26. Rf3 Rhc8 27. Qd2 Qc5 28. g3 d4 29. Re1 Qd5 30. Rf4 Rxc2 31. Qxd4 Qxd4 32. Rxd4 Rxb2 33. Rd7 Rc7 34. Red1 Rxb3 35. Rd8+ Ka7 36. R8d7 Rbc3 37. Rd8 b5 38. R1d4 R3c5 39. f4 Rc2 40. Rf8 Ra2 0-1


[Site "https://www.chess.com"]

[Event "Titled Tuesday Blitz June 6 Late 2023"]
[White "KorolDimitriy75"]
[Black "Bjelobrk, Igor"]
[BlackFideId "4300726"]
[WhiteElo "2463"]
[BlackElo "2319"]
[Result "1/2-1/2"]
[Round "3"]
[TimeControl "180+2"]
[Date "2023.06.07"]
[WhiteClock "0:00:07"]
[BlackClock "0:00:08"]
[Board "87"]

1. d4 e6 2. c4 b6 3. Nc3 Bb4 4. Qc2 Nf6 5. e4 c5 6. e5 cxd4 7. a3 Bxc3+ 8. bxc3 Ng8 9. cxd4 Bb7 10. Nf3 Bxf3 11. gxf3 Nc6 12. Be3 Nge7 13. Bd3 Rc8 14. O-O d6 15. f4 dxe5 16. dxe5 Nd4 17. Qd1 Nef5 18. Rc1 O-O 19. Kh1 Rc7 20. Be4 Rd7 21. Qh5 g6 22. Qg4 h5 23. Qg2 Qe7 24. Rcd1 Rfd8 25. h3 Qxa3 26. Kh2 Nxe3 27. fxe3 Qxe3 28. Rde1 Qa3 29. Rg1 Qf8 30. f5 exf5 31. Bd5 Rxd5 32. cxd5 Qc5 33. e6 Qd6+ 34. Kh1 Qxd5 35. exf7+ Kxf7 36. Qxd5+ Rxd5 37. Rd1 f4 38. Rgf1 g5 39. Rf2 Kf6 40. h4 b5 41. hxg5+ Kxg5 42. Rfd2 Kg4 43. Rxd4 Re5 44. Rd5 Re3 45. Rxb5 Rh3+ 46. Kg2 Rg3+ 47. Kf2 Rf3+ 48. Kg2 Rg3+ 49. Kf2 Rf3+ 50. Ke2 Re3+ 51. Kf2 Rf3+ 1/2-1/2


[Site "https://www.chess.com"]

[Event "Titled Tuesday Blitz June 6 Late 2023"]
[White "Van Dael, Siem"]
[Black "Abrahamyan, Tatev"]
[WhiteFideId "1049771"]
[BlackFideId "13301918"]
[WhiteElo "2336"]
[BlackElo "2342"]
[Result "1-0"]
[Round "3"]
[TimeControl "180+2"]
[Date "2023.06.07"]
[WhiteClock "0:00:04"]
[BlackClock "0:00:17"]
[Board "88"]

1. e4 e6 2. d4 d5 3. Nc3 Bb4 4. e5 c5 5. a3 Bxc3+ 6. bxc3 Ne7 7. Qg4 O-O 8. Bd3 Nbc6 9. Nf3 f5 10. Qg3 Qa5 11. Bd2 Qa4 12. O-O c4 13. Be2 Qxc2 14. Rfe1 Qa4 15. h4 Bd7 16. Rab1 b6 17. Bg5 Qxa3 18. Rec1 Qa6 19. h5 Kh8 20. h6 g6 21. Bf6+ Kg8 22. Qh4 Rae8 23. Ng5 Qb7 24. g4 b5 25. Kh2 b4 26. Rg1 a5 27. gxf5 Nxf5 28. Qh3 Bc8 29. Bh5 Nce7 30. Nxh7 Kxh7 31. Bxg6+ Nxg6 32. Rxg6 Kxg6 33. Rg1+ Kh7 34. Rg7+ Nxg7 35. hxg7+ Kg8 36. Qh8+ Kf7 37. gxf8=Q+ Rxf8 38. Qh5+ Kg8 39. Qg6+ Qg7 40. Qxg7# 1-0


[Site "https://www.chess.com"]

[Event "Titled Tuesday Blitz June 6 Late 2023"]
[White "Domingo Nunez, Ruben"]
[Black "Principe, Alexander"]
[WhiteFideId "22245570"]
[BlackFideId "3804542"]
[WhiteElo "2404"]
[BlackElo "2203"]
[Result "0-1"]
[Round "3"]
[TimeControl "180+2"]
[Date "2023.06.07"]
[WhiteClock "0:00:16"]
[BlackClock "0:00:13"]
[Board "89"]

1. b3 d5 2. Bb2 c5 3. Nf3 Nc6 4. e3 Bf5 5. Bb5 Nf6 6. O-O e6 7. d4 Rc8 8. Ne5 Be7 9. Nd2 O-O 10. h3 cxd4 11. exd4 Nxe5 12. dxe5 Bxc2 13. exf6 Bxd1 14. fxe7 Qxe7 15. Rfxd1 Rfd8 16. Bd4 a6 17. Bf1 e5 18. Bb2 Rc2 19. Rab1 e4 20. Bd4 f5 21. Rb2 Rxb2 22. Bxb2 d4 23. Nc4 b5 24. Na5 Qc7 25. b4 d3 26. Rc1 Qf7 27. Nb3 Qd7 28. Be5 Qe7 29. Bc3 f4 30. Rd1 e3 31. Rxd3 Rxd3 32. Bxd3 exf2+ 33. Kf1 Qe3 34. Nc5 Qc1+ 35. Kxf2 Qxc3 36. Bf5 Qe3+ 37. Kf1 g6 38. Bc8 Qc1+ 39. Kf2 Qb2+ 40. Kg1 Qxb4 41. Nxa6 Qd4+ 42. Kh1 Qd1+ 43. Kh2 Qa4 44. Nc5 Qa7 45. Ne4 f3 46. Be6+ Kg7 47. Bb3 f2 48. Nd2 Qe3 49. Nf1 Qe1 50. Ng3 h5 51. h4 f1=Q 52. Nxf1 Qxf1 53. g3 Qf2+ 54. Kh3 Kh6 55. Bd5 Qd4 56. Bb3 g5 57. hxg5+ Kxg5 58. Kg2 h4 59. gxh4+ Kxh4 60. Kf3 Kg5 61. Ke2 Kf4 62. Bc2 Ke5 63. Bb3 Kd6 64. Bc2 Kc5 65. Bb3 Kb4 66. Ke1 Kc3 67. Ke2 Qd2+ 68. Kf3 Qe1 69. Kf4 Kd4 70. Kf3 Qe3+ 71. Kg4 Qf2 72. Bc2 Qxc2 0-1


[Site "https://www.chess.com"]

[Event "Titled Tuesday Blitz June 6 Late 2023"]
[White "Shapiro, Viktor"]
[Black "Adewumi, Tanitoluwa"]
[WhiteFideId "4175700"]
[BlackFideId "30966396"]
[WhiteElo "2212"]
[BlackElo "2616"]
[Result "0-1"]
[Round "3"]
[TimeControl "180+2"]
[Date "2023.06.07"]
[WhiteClock "0:01:25"]
[BlackClock "0:01:39"]
[Board "90"]

1. c4 e5 2. Nc3 Nc6 3. g3 g6 4. Bg2 d6 5. d3 Nf6 6. Nf3 Bg7 7. Rb1 O-O 8. b4 Be6 9. O-O a5 10. b5 Nd4 11. e3 Nxf3+ 12. Bxf3 d5 13. Ba3 Re8 14. c5 Nd7 15. d4 exd4 16. exd4 c6 17. bxc6 bxc6 18. Ne2 Bf5 19. Rb7 Qc8 20. Rb3 Qa6 21. Nf4 Qc4 22. Bb2 Bc2 23. Qd2 Bxb3 24. axb3 Qxb3 25. Bd1 Qb5 26. Be2 Qb7 27. Ra1 Nxc5 28. Rxa5 Rxa5 29. Qxa5 Qxb2 30. Qxc5 Bxd4 31. Qxc6 Rxe2 0-1


[Site "https://www.chess.com"]